Unix NetHack Version 5.0.0-0 post-release - last build Jul 19 2026 19:10:59 (3aa4ab31751d3886436d94b585a96704892fd477,branch:main).

Game began 2026-07-25 21:55:25, ended 2026-07-25 22:12:35.

Eymerich, chaotic male elven Priest

  --   --------
 --.----.|.--.--
 |.............------- ----
  -.............[.).).....|
  |...........-------- --                  ----
  --........-------                      ---..|
   --. ---.--  |..---                   --....|      -----
    -- --..|  --....|                   |.....|     --.|.---
      --..-----.....---                 |.....---   |.....>--
      |..----...0.....|      ---  --- ---.......----|.......--
     --......)........--    --.---|.---............---.......--
     -.........).......--   |....--..|...........0............|
    |......|....--.....%--  --.....)..........q..q@...........--------
    -....--------|..%....----.......|.---........---..........<.|.|..|
   |...---       -.........|.......---- --......----....|............|
   ----         -......---.........|---  --.....| |...-----.......----
             .........-- --........--..   |....-- --..|   --.....--
            |.........|   --...........---|....|   ----    |....--
            --......---    ----.--.......--..---           ------
             ---.|.--         ------.|.|....--
               -----                ---------
Eymerich the Acolyte         St:12 Dx:11 Co:14 In:13 Wi:18 Ch:8  Chaotic
Dlvl:4  $:21 HP:0(28) Pw:44(63) AC:7  Xp:4 T:1606 

Latest messages:
 You resume your meal.
 You stop eating the gnome lord corpse.
 The rothe hits!
 The rothe bites!
 The rothe bites again!
 What do you want to throw? [$apt-xBDEG or ?*]
 In what direction?
 The thonged club misses the rothe.
 The thonged club returns to your hand!
 What do you want to throw? [$apt-xBDEG or ?*]
 In what direction?
 The thonged club hits the rothe.
 The thonged club returns to your hand!
 What do you want to throw? [$apt-xBDEG or ?*]
 In what direction?
 The thonged club misses the rothe.
 The thonged club returns to your hand!
 What do you want to throw? [$apt-xBDEG or ?*]
 In what direction?
 The thonged club hits the rothe.
 The thonged club returns to your hand!
 w - a bow (weapon in right hand).
 t - a blessed thonged club (alternate weapon; not wielded).
 In what direction?
 The arrow misses the rothe.
 You secure the tether.
 t - a blessed thonged club (tethered to right hand).
 w - a bow (alternate weapon; not wielded).
 What do you want to throw? [$aptuwxBDEG or ?*]
 In what direction?
 The thonged club hits the rothe.
 The thonged club returns to your hand!
 What do you want to throw? [$aptuwxBDEG or ?*]
 In what direction?
 The thonged club misses the rothe.
 The thonged club returns to your hand!
 What do you want to throw? [$aptuwxBDEG or ?*]
 In what direction?
 The thonged club misses the rothe.
 The thonged club returns to your hand!
 You hit the rothe.
 The rothe hits!
 The rothe bites!
 The rothe bites again!
 You hit the rothe.
 The rothe hits!
 The rothe just misses!
 The rothe bites!
 You die...
 Do you want your possessions identified? [ynq] (y)

Inventory:
 Coins    ('$')
  $ - 21 gold pieces
 Weapons  (')')
  D - a +0 crossbow bolt
  w - a +0 bow (alternate weapon; not wielded)
  E - a +0 crossbow
  u - 4 blessed +0 darts
  G - a +0 dagger
  t - a blessed +3 aklys (tethered to right hand)
  B - a +0 aklys
  a - a blessed +1 mace
  x - a +0 mace
  p - a cursed +0 glaive
 Armor    ('[')
  q - a cursed +0 elven leather helm
  c - a +0 small shield (being worn)
  b - a +0 robe (being worn)
 Comestibles  ('%')
  e - a clove of garlic
  r - a cram ration
  z - 2 food rations
  f - 2 sprigs of wolfsbane
  H - a tripe ration
 Scrolls  ('?')
  m - a scroll of earth
  n - a scroll of enchant weapon
 Spellbooks  ('+')
  h - a spellbook of extra healing
  g - a spellbook of healing
 Potions  ('!')
  j - a potion of confusion
  A - a potion of object detection
  s - a cursed potion of oil
  k - a cursed potion of paralysis
  d - 4 potions of holy water
 Tools    ('(')
  i - a bell
  F - a stethoscope
  o - a towel
 Gems/Stones  ('*')
  y - a cursed sapphire named hard
  C - a worthless piece of blue glass named soft
  I - a worthless piece of orange glass

Eymerich the Priest's attributes:

Background:
 You were an Acolyte, a level 4 elven Priest.
 You were chaotic, on a mission for Anshar
 who was opposed by Anu (lawful) and Ishtar (neutral).
 You were right-handed.
 You were in the Gnomish Mines, on level 4.
 You entered the dungeon 1606 turns ago.
 It was nighttime.
 You had 159 experience points, 1 more was needed to attain level 5.

Basics:
 You had 0 out of 28 hit points.
 You had 44 out of 63 energy points (spell power).
 Your armor class was 7.
 Your wallet contained 21 zorkmids.
 Autopickup was off.

Final Characteristics:
 Your strength was 12 (limit:18).
 Your dexterity was 11 (limit:18).
 Your constitution was 14 (limit:16).
 Your intelligence was 13 (limit:20).
 Your wisdom was 18 (limit:20).
 Your charisma was 8 (limit:18).

Final Status:
 You weren't hungry.
 You were unencumbered.
 You were wielding a club.
 You were unskilled in club.

Final Attributes:
 You were devoutly aligned.
 You were sleep resistant.
 You had infravision.
 You were guarded.
 Your spell casting was enhanced by wearing a robe.
 You are dead.

Miscellaneous:
 You didn't encounter any bones levels.
 Total elapsed playing time was 17 minutes and 7 seconds.

Major events:
 Turn
    1: Eymerich the chaotic elven Priest entered the dungeon
  984: attained the rank of Acolyte (level 3)
 1238: entered the Gnomish Mines
 1606: killed by a rothe

Spells:
 Name                 Level Category     Fail Retention
 healing                1   healing        0%  76%-100%
 extra healing          3   healing       70%  76%-100%

Skills:
 Fighting Skills
   bare handed combat [Unskilled]
 Weapon Skills
   club               [Unskilled]
   mace               [Basic]
   morning star       [Unskilled]
   flail              [Unskilled]
   hammer             [Unskilled]
   quarterstaff       [Unskilled]
   polearms           [Unskilled]
   spear              [Unskilled]
   trident            [Unskilled]
   lance              [Unskilled]
   bow                [Unskilled]
   sling              [Unskilled]
   crossbow           [Unskilled]
   dart               [Unskilled]
   shuriken           [Unskilled]
   boomerang          [Unskilled]
   unicorn horn       [Unskilled]
 Spellcasting Skills
   healing spells     [Unskilled]
   divination spells  [Unskilled]
   clerical spells    [Basic]

Voluntary challenges:
 Character rerolling was not enabled.
 You never genocided any monsters.
 You never polymorphed an object.
 You never changed form.
 You used no wishes.
Achievements:
 You attained the rank of Acolyte.
 You entered the Gnomish Mines.

 The Dungeons of Doom: levels 1 to 4
    Level 1:
    Level 2: "vault"
       A fountain.
    Level 3:
       Stairs down to The Gnomish Mines.
    Level 4:
 The Gnomish Mines:
    Level 4: <- You were here.
       Final resting place for
          you, killed by a rothe.


Vanquished creatures:
  4 gnome leaders
  a kitten
  a dwarf
  a giant rat
  7 gnomes
  2 geckos
  2 jackals
  2 foxes
  2 goblins
  2 grid bugs
  a bat
  3 lichens
  3 kobold zombies
  2 newts
33 creatures vanquished.

No species were genocided or became extinct.

Game over:
                       ----------
                      /          \
                     /    REST    \
                    /      IN      \
                   /     PEACE      \
                  /                  \
                  |     Eymerich     |
                  |      21 Au       |
                  |   killed by a    |
                  |      rothe       |
                  |                  |
                  |                  |
                  |       2026       |
                 *|     *  *  *      | *
        _________)/\\_//(\/(/\)/\//\/|_)_______

Goodbye Eymerich the Priest...

You died in The Gnomish Mines on dungeon level 4 with 815 points,
and 21 pieces of gold, after 1606 moves.
You were level 4 with a maximum of 28 hit points when you died.

